 Dungeon Crawl Stone Soup version 0.31-a0-889-g1a8549509d (webtiles) character file.

Game seed: 778238313704620226

9 Kurtz the Sneak (level 2, -2/28 HPs)
             Began as a Naga Delver on Oct 16, 2023.
             Slain by an orc
             ... wielding a +0 mace
              (8 damage)
             ... on level 3 of the Dungeon.
             The game lasted 00:00:50 (505 turns).

Kurtz the Sneak (Naga Delver)                        Turns: 505, Time: 00:00:51

Health: -2/28      AC:  2    Str: 14    XL:     2   Next: 12%
Magic:  2/2        EV:  9    Int: 10    God:
Gold:   72         SH:  0    Dex: 12    Spells: 1/1 levels left

rFire   . . .        a - +0 hand axe
rCold   . . .        (no shield)
rNeg    . . .        b - +0 leather armour
rPois   +            (no helmet)
rElec   .            (no cloak)
rCorr   .            (no gloves)
SInv    +            (no barding)
Will    .....        h - amulet of the acrobat
Stlth   +++          (no ring)
HPRegen 0.24/turn    (no ring)
MPRegen 0.08/turn

%: acrobat
@: very slow
A: AC +0, large, see invisible, deformed body, poison resistance, slowness 2,
spit poison 1, naga tail 1
a: Spit Poison


You were on level 3 of the Dungeon.
You visited 1 branch of the dungeon, and saw 3 of its levels.

You collected 72 gold pieces.

Inventory:

Hand Weapons
 a - a +0 hand axe (weapon)
Armour
 b - a +0 leather armour (worn)
Jewellery
 h - an amulet of the acrobat (around neck)
Wands
 g - a wand of digging (3)
 l - a wand of charming (7)
Scrolls
 c - a scroll of fog
 d - a scroll of revelation
 e - a scroll of fear
 i - a scroll of identify {unknown}
 k - a scroll of immolation {unknown}
 n - a scroll of amnesia {unknown}
Potions
 f - a potion of haste
 j - a potion of berserk rage {unknown}
 m - a potion of curing {unknown}


   Skills:
 - Level 3.0 Fighting
 * Level 2.8 Axes
 - Level 1.5 Dodging
 - Level 7.2 Stealth


You had one spell level left.
You didn't know any spells.
Your spell library contained the following spells:

 Spells                   Type           Power      Damage    Failure   Level
 Shock                    Conj/Air       0%         1d3       43%         1
 Swiftness                Air            0%         N/A       82%         3
 Airstrike                Air            0%         2d(0-16)  99%         4


Dungeon Overview and Level Annotations

Branches:
Dungeon (5/15)
 Temple: D:4-7

Altars:
Dithmenos
Elyvilon
The Shining One

Shops:
D:5 [


Innate Abilities, Weirdness & Mutations

Your serpentine skin is tough. (AC +0)
You have supernaturally acute eyesight. (SInv)
Armour fits poorly on your strangely shaped body.
Your system is resistant to poisons. (rPois)
You cover ground very slowly.
You can spit poison.
You have a snake-like lower body.


Message History

Unknown command.
You hit the orc.
You kill the orc!
You hit the orc but do no damage. You hit the orc. The orc closely misses you.
The orc completely misses you.
You hit the orc.
The orc is almost dead.
You hit the orc but do no damage. The orc hits you with a +0 short sword.
The orc hits you with a +0 mace!
Found a scroll labelled WUQU AT JOMAO.
The orc closely misses you.
The orc completely misses you. x2; The orc misses you.
Things that are here:
a +0 short sword; an orc corpse Unknown command.
You are too injured to fight recklessly!
The orc closely misses you. The orc completely misses you.
You are too injured to fight recklessly!
You are too injured to fight recklessly!
You are too injured to fight recklessly!
You are too injured to fight recklessly!
You closely miss the orc.
The orc is almost dead.
You hit the orc but do no damage. The orc misses you.
The orc closely misses you.
You hit the orc but do no damage.
The orc is almost dead.
You hit the orc but do no damage. The orc hits you with a +0 short sword.
The orc barely misses you.
You closely miss the orc.
The orc is almost dead.
You hit the orc but do no damage. The orc hits you with a +0 short sword.
The orc closely misses you. The orc hits you with a +0 short sword.
* * * LOW HITPOINT WARNING * * *
The orc closely misses you.
You barely miss the orc.
The orc is almost dead.
You closely miss the orc. The orc hits you with a +0 short sword.
* * * LOW HITPOINT WARNING * * *
The orc hits you with a +0 mace!
You die...

#####..##...'#........#
.#....##.....##..##...#
.#...##.......##......#
...###...._....###....#
.#...##.......##...##.#
...+..##.....##....##.#
####...##...##....###.#
..#....##.##..o)o###.#
##.#.....###....@..##.#
#..##..#..#........##.#
.^....###.#.#......##.#
...######...#......##.#
...# #....##......##.#
...# #....##......##.#
...# #...# #..?...##.#
...# #...# #########.#
#######...# ###### #.#


You could see 2 orcs.

Vanquished Creatures
  A worm (D:3)
  An orc (D:3)
  An endoplasm (D:3)
  A hobgoblin (D:4)
  A rat (D:3)
5 creatures vanquished.

Notes
Turn   | Place    | Note
-------+----------+-------------------------------------------
     0 | D:5      | Kurtz the Naga Delver began the quest for the Orb.
     0 | D:5      | Reached XP level 1. HP: 21/21 MP: 1/1
    48 | D:5      | Found a white marble altar of Elyvilon.
   106 | D:5      | Found Bemuopha's Antique Armour Emporium.
   245 | D:3      | Found a glowing golden altar of the Shining One.
   392 | D:3      | Found a shadowy altar of Dithmenos.
   406 | D:3      | Reached XP level 2. HP: 28/28 MP: 2/2
   505 | D:3      | Slain by an orc

Illustrated notes

Levels and vault maps discovered:
D:3:      layout_basic, mainiacjoe_overflow_small_starburst, tso_metal_star,
          ebering_ghost_reflecting_pool, nrook_loot_triangle,
          chequers_serial_rivers_large_a
D:4:      layout_loops_ring, nicolae_overflow_hidden_temple, serial_shops,
          nicolae_shop_window_shopping, kennysheep_decorative_pillar,
          chequers_serial_rivers_small_a, dk_vineyard_3,
          kennysheep_small_circle, uniq_ijyb
D:5:      layout_basic, elyvilon_altar_1, minmay_temple_entry_junction,
          serial_shops, nicolae_shop_overgrown_old_shop

Action                     || total
---------------------------++-------
  Melee: Hand axe          ||    24
         Punch             ||     1
Ability: Spit Poison       ||     1
   Stab: Sleeping          ||     2
 Armour: Leather armour    ||    16
  Dodge: Dodged            ||    22

Table legend: (Time is in decaauts)
 A = Elapsed time spent in this place.
 B = Non-inter-level travel time spent in this place.
 C = Inter-level travel time spent in this place.
 D = Time resting spent in this place.
 E = Time spent auto-exploring this place.
 F = Levels seen in this place.
 G = Mean time per level.
                   A        B        C        D        E       F      G
               +--------+--------+--------+--------+--------+-----+--------+
         Total |    675 |    636 |     39 |     28 |    470 |   3 |  225.0 |
       Dungeon |    675 |    636 |     39 |     28 |    470 |   3 |  225.0 |
               +--------+--------+--------+--------+--------+-----+--------+

Top non-repeatable levels by time:
     D:3: 410 daAuts
     D:5: 249 daAuts
     D:4: 15 daAuts
